 Dungeon Crawl Stone Soup version 0.25-a0-1073-gf4359a17dd (webtiles) character file.

Game seed: 5406457170573155161, levelgen mode: deterministic

16 Flugslaktarn the Shield-Bearer (level 2, -1/27 HPs)
             Began as a Deep Dwarf Fighter on May 14, 2020.
             Slain by an orc wizard
             ... wielding a +0 dagger
              (2 damage)
             ... on level 4 of the Dungeon.
             The game lasted 00:00:10 (149 turns).

Flugslaktarn the Shield-Bearer (Deep Dwarf Fighter)  Turns: 149, Time: 00:00:10

Health: -1/27      AC:  6    Str: 19    XL:     2   Next: 37%
Magic:  2/2        EV:  7    Int:  8    God:
Gold:   42         SH:  0    Dex: 12    Spells: 1/1 levels left

rFire    . . .     SeeInvis .   a - +0 war axe
rCold    . . .     Gourm    .   c - +0 kite shield
rNeg     . . .     Faith    .   b - +0 scale mail
rPois    .         Spirit   .   (no helmet)
rElec    .         Reflect  .   (no cloak)
rCorr    .         Harm     .   (no gloves)
MR       .....                  (no boots)
Stlth    ..........             (no amulet)
HPRegen  0.00/turn              (no ring)
MPRegen  0.08/turn              (no ring)

@: confused, non-regenerating
A: damage resistance, heal wounds, sense surroundings 1, no regeneration
a: Heal Wounds


You were on level 4 of the Dungeon.
You were not hungry.

You visited 1 branch of the dungeon, and saw 4 of its levels.

You collected 42 gold pieces.

Inventory:

Hand Weapons
 a - a +0 war axe (weapon)
Armour
 b - a +0 scale mail (worn)
 c - a +0 kite shield (worn)
Jewellery
 f - an uncursed amulet of faith {unknown}
   (You found it on level 1 of the Dungeon)
Potions
 d - a potion of might
 g - a potion of magic {unknown}
Comestibles
 e - 2 rations
 h - a chunk of flesh


   Skills:
 + Level 2.8 Fighting
 * Level 2.7 Axes
 + Level 3.4 Armour
 + Level 3.5 Shields


You had one spell level left.
You didn't know any spells.
Your spell library was empty.

Dungeon Overview and Level Annotations

Branches:
Dungeon (4/15)
 Temple: D:4-7

Altars:


Innate Abilities, Weirdness & Mutations

You are resistant to damage.
You can heal yourself by infusing magical energy.
You passively map a small area around you.
You do not regenerate.


Message History

You slash the orc!
You kill the orc!
You closely miss something. You slash the hound! The hound bites you.
Something hits you but does no damage. The hound bites you.
You bump into the rock wall.
The hound closely misses you. Something hits you. The hound bites you.
You're too confused to move!
Something hits you. The hound bites you.
* * * LOW HITPOINT WARNING * * *
You bump into the rock wall.
The hound bites you but does no damage. Something hits you but does no damage.
The hound bites you.
You're too confused!
You bump into the rock wall.
Something hits you but does no damage. The hound barely misses you.
You slash something! You barely miss the hound. The hound barely misses you.
You hear some strange, mumbled words.
A magic dart appears from out of thin air!
The magic dart hits you!
* * * LOW HITPOINT WARNING * * *
The hound bites you. Something hits you.
You die...

,..# , ..# ,..# *
..##### ....... , *
#####*.......
##...##[......,
#....'@{...... ++
######....##h......
#<........# .......
#######...#*.......
#...#*....... #...#
####### #...# #####
* **


You could see a hound.

Vanquished Creatures
  3 orcs (D:4)
  A giant cockroach (D:3)
  A goblin (D:2)
  3 hobgoblins
  A frilled lizard (D:3)
  2 kobolds
  A rat (D:3)
12 creatures vanquished.

Notes
Turn   | Place    | Note
-------+----------+-------------------------------------------
     0 | D:1      | Flugslaktarn the Deep Dwarf Fighter began the quest for the
                  | Orb.
     0 | D:1      | Reached XP level 1. HP: 20/20 MP: 1/1
    99 | D:3      | Reached XP level 2. HP: 25/27 MP: 2/2
   149 | D:4      | HP: 1/27 [something/magic dart (6)]
   149 | D:4      | Slain by an orc wizard

Illustrated notes

Levels and vault maps discovered:
D:1:      dpeg_arrival_stone_temple_mockup, layout_basic
D:2:      layout_basic, kennysheep_ying_yang, chequers_ecumenical_altar_simple,
          serial_bayou_pond_d
D:3:      minmay_evil_eye, layout_basic
D:4:      old_forge, layout_basic, chequers_temple_overflow_statue_of_worship,
          minmay_temple_entry_fiery, first_ration

Action                   || total
-------------------------++-------
Melee: War axe           ||    28
Armor: Scale mail        ||    24
Dodge: Dodged            ||    15
Block: Kite shield       ||    22

Table legend:
 A = Non-vault XP
 B = Vault XP
 C = Vault XP percentage of total XP
 D = Non-vault monster count
 E = Vault monster count
 F = Vault count percentage of total count
                 A         B        C        D         E       F
            +---------+---------+-------+---------+---------+-------
      Total |      23 |       0 |   0.0 |      12 |       0 |   0.0
            +---------+---------+-------+---------+---------+-------
        D:1 |       1 |       0 |   0.0 |       1 |       0 |   0.0
        D:2 |       4 |       0 |   0.0 |       2 |       0 |   0.0
        D:3 |       9 |       0 |   0.0 |       6 |       0 |   0.0
        D:4 |       9 |       0 |   0.0 |       3 |       0 |   0.0
            +---------+---------+-------+---------+---------+-------
